APP
SAN DIEGO (APP) PADRES @ BILLINGS MUSTANGS
07/26/2045
 
TOP OF THE 1ST
San Diego (APP) Padres batting - Pitching for Billings Mustangs : RHP Larry McPhee
Pitching: RHP Larry McPhee
Batting: RHB Dave McBain 0-0: Ball
1-0: Foul Ball, location: 2F
1-1: Fly out, F8 (Flyball, 8RD, EV 80.0 MPH)
Batting: RHB Aaron Joseph 0-0: Ball
1-0: Foul Ball, location: 2F
1-1: Fly out, F5 (Line Drive, 5, EV 71.9 MPH)
Batting: LHB Hugo MacBeth 0-0: Ball
1-0: Ball
2-0: Foul Ball, location: 2F
2-1: Ball
3-1: Called Strike
3-2: Foul Ball, location: 2F
3-2: Base on Balls
Batting: RHB Freddie Brown 0-0: Ball
1-0: Foul Ball, location: 2F
1-1: Ball
2-1: Ball
3-1: Fly out, F7 (Line Drive, 7D, EV 91.2 MPH)
Top of the 1st over - 0 runs, 0 hits, 0 errors, 1 left on base; San Diego (APP) 0 - Billings 0
BOTTOM OF THE 1ST
Billings Mustangs batting - Pitching for San Diego (APP) Padres : LHP Cory Watson
Pitching: LHP Cory Watson
Batting: RHB Tony Casas 0-0: Called Strike
0-1: Foul Ball, location: 2F
0-2: Ball
1-2: Ground out U3 (Groundball, 3S, EV 71.2 MPH)
Batting: RHB Jay Jacobson 0-0: Called Strike
0-1: Ball
1-1: Ball
2-1: Ball
3-1: Base on Balls
Batting: RHB Pat Grover 0-0: Ball
1-0: Foul Ball, location: 2F
1-1: Ball
2-1: Swinging Strike
2-2: Ground out U3 (Groundball, 34, EV 88.8 MPH)
Jay Jacobson to second
Batting: LHB Chris Redhead 0-0: Called Strike
0-1: Foul Ball, location: 2F
0-2: Ground out U3 (Groundball, 3S, EV 88.1 MPH)
Bottom of the 1st over - 0 runs, 0 hits, 0 errors, 1 left on base; San Diego (APP) 0 - Billings 0
TOP OF THE 2ND
San Diego (APP) Padres batting - Pitching for Billings Mustangs : RHP Larry McPhee
Batting: RHB Antonio Lara 0-0: Fly out, F3 (Popup, 34, EV 82.5 MPH)
Batting: LHB Tony Contreras 0-0: Ball
1-0: Ball
2-0: Foul Ball, location: 2F
2-1: Ball
3-1: Base on Balls
Batting: RHB Max Stillo 0-0: Called Strike
0-1: Ball
1-1: Ball
2-1: Fielders Choice at 2nd, 6-4 (Groundball, 6, EV 81.9 MPH)
Batting: RHB Victor Contreras 0-0: Ball
1-0: Called Strike
1-1: Ball
2-1: Foul Ball, location: 2F
2-2: Ball
3-2: Fly out, F8 (Flyball, 89D, EV 79.4 MPH)
Top of the 2nd over - 0 runs, 0 hits, 0 errors, 1 left on base; San Diego (APP) 0 - Billings 0
BOTTOM OF THE 2ND
Billings Mustangs batting - Pitching for San Diego (APP) Padres : LHP Cory Watson
Batting: RHB R.J. Romberg 0-0: Ball
1-0: Ball
2-0: Ball
3-0: Called Strike
3-1: Base on Balls
Batting: RHB Travis Petrick 0-0: Ball
1-0: Ball
2-0: Fly out, F9 (Flyball, 9D, EV 83.1 MPH)
Batting: RHB Yutaka Sato 0-0: Foul Ball, location: 2F
0-1: Ball
1-1: DOUBLE (Line Drive, 89D, EV 108.8 MPH)
R.J. Romberg to third
Batting: RHB Kevin Larner 0-0: Called Strike
0-1: Ball
1-1: Ball
Wild Pitch!
R.J. Romberg scores
Yutaka Sato to third
2-1: Swinging Strike
2-2: Ball
3-2: Foul Ball, location: 2F
3-2: Base on Balls
Batting: RHB Cyd Carver 0-0: Called Strike
0-1: SINGLE (Groundball, 6MS, EV 72.5 MPH) (infield hit)
Yutaka Sato scores
Kevin Larner to second
Batting: RHB Tony Casas 0-0: Ball
1-0: Called Strike
1-1: Ball
2-1: Called Strike
2-2: Strikes out swinging
Batting: RHB Jay Jacobson 0-0: Foul Ball, location: 2F
0-1: Called Strike
0-2: Ball
1-2: Strikes out swinging
Bottom of the 2nd over - 2 runs, 2 hits, 0 errors, 2 left on base; San Diego (APP) 0 - Billings 2
TOP OF THE 3RD
San Diego (APP) Padres batting - Pitching for Billings Mustangs : RHP Larry McPhee
Batting: RHB Ed Oake 0-0: Ball
1-0: Ball
2-0: Foul Ball, location: 2F
2-1: Foul Ball, location: 2F
2-2: Foul Ball, location: 2F
2-2: Strikes out swinging
Batting: RHB Dave McBain 0-0: Ball
1-0: Ground out 5-3 (Groundball, 56, EV 94.4 MPH)
Batting: RHB Aaron Joseph 0-0: SOLO HOME RUN (Flyball, 7LD, EV 98.1 MPH), Distance : 358 ft
Batting: LHB Hugo MacBeth 0-0: Called Strike
0-1: Ball
1-1: Foul Ball, location: 2F
1-2: Ground out 6-3 (Groundball, 6, EV 107.5 MPH)
Top of the 3rd over - 1 run, 1 hit, 0 errors, 0 left on base; San Diego (APP) 1 - Billings 2
BOTTOM OF THE 3RD
Billings Mustangs batting - Pitching for San Diego (APP) Padres : LHP Cory Watson
Batting: RHB Pat Grover 0-0: Called Strike
0-1: Ball
1-1: DOUBLE (Line Drive, 9LS, EV 93.1 MPH)
Batting: LHB Chris Redhead 0-0: Ball
1-0: Fly out, F2 (Popup, 25F, EV 92.5 MPH)
Batting: RHB R.J. Romberg 0-0: Ball
1-0: Ball
2-0: 2-RUN HOME RUN (Flyball, 9D, EV 100.0 MPH), Distance : 378 ft
Batting: RHB Travis Petrick 0-0: Called Strike
0-1: Ball
1-1: Swinging Strike
1-2: Ground out 4-3 (Groundball, 4M, EV 103.1 MPH)
Batting: RHB Yutaka Sato 0-0: Foul Ball, location: 2F
0-1: Called Strike
0-2: Ball
1-2: Foul Ball, location: 2F
1-2: Foul Ball, location: 2F
1-2: Ball
2-2: Strikes out swinging
Bottom of the 3rd over - 2 runs, 2 hits, 0 errors, 0 left on base; San Diego (APP) 1 - Billings 4
TOP OF THE 4TH
San Diego (APP) Padres batting - Pitching for Billings Mustangs : RHP Larry McPhee
Batting: RHB Freddie Brown 0-0: Ball
1-0: Ball
2-0: Ball
3-0: Called Strike
3-1: Fly out, F6 (Popup, P, EV 82.5 MPH)
Batting: RHB Antonio Lara 0-0: Ball
1-0: Called Strike
1-1: Ball
2-1: Fly out, F8 (Flyball, 8LXD, EV 106.9 MPH)
Batting: LHB Tony Contreras 0-0: Called Strike
0-1: Ball
1-1: SINGLE (Groundball, 56D, EV 99.4 MPH)
Batting: RHB Max Stillo 0-0: Ball
1-0: Ball
Tony Contreras steals 2nd base
2-0: Ball
3-0: Called Strike
3-1: Called Strike
3-2: Base on Balls
Batting: RHB Victor Contreras 0-0: SINGLE (Groundball, 5S, EV 74.4 MPH) (infield hit)
Tony Contreras to third
Max Stillo to second
Batting: RHB Ed Oake 0-0: Called Strike
0-1: Swinging Strike
0-2: Foul Ball, location: 2F
0-2: Ground out 2-3 (Groundball, 2R, EV 70.0 MPH)
Top of the 4th over - 0 runs, 2 hits, 0 errors, 3 left on base; San Diego (APP) 1 - Billings 4
BOTTOM OF THE 4TH
Billings Mustangs batting - Pitching for San Diego (APP) Padres : LHP Cory Watson
Batting: RHB Kevin Larner 0-0: Called Strike
0-1: Foul Ball, location: 2F
0-2: Ball
1-2: Strikes out swinging, 2-3 out at first.
Batting: RHB Cyd Carver 0-0: Ball
1-0: Ball
2-0: Foul Ball, location: 2F
2-1: Foul Ball, location: 2F
2-2: Ball
3-2: Base on Balls
Pitching: LHP Kentaro Shimasaki
Batting: RHB Tony Casas 0-0: Ball
1-0: Swinging Strike
1-1: Ball
2-1: Foul Ball, location: 2F
2-2: SINGLE (Line Drive, 8RS, EV 101.9 MPH)
Cyd Carver to second
Cyd Carver to third
Batting: RHB Jay Jacobson 0-0: Ball
1-0: Called Strike
1-1: Ball
2-1: Grounds into double play, 6-4-3 (Groundball, 6, EV 81.2 MPH)
Bottom of the 4th over - 0 runs, 1 hit, 0 errors, 1 left on base; San Diego (APP) 1 - Billings 4
TOP OF THE 5TH
San Diego (APP) Padres batting - Pitching for Billings Mustangs : RHP Larry McPhee
Batting: RHB Dave McBain 0-0: Swinging Strike
0-1: Ball
1-1: Ball
2-1: Called Strike
2-2: Strikes out swinging, 2-3 out at first.
Batting: RHB Aaron Joseph 0-0: Ball
1-0: Called Strike
1-1: Foul Ball, location: 2F
1-2: Hit by Pitch
Batting: LHB Hugo MacBeth 0-0: DOUBLE (Groundball, 5L, EV 111.2 MPH)
Aaron Joseph to third
Batting: RHB Freddie Brown 0-0: Foul Ball, location: 2F
0-1: Ball
1-1: Swinging Strike
1-2: Ball
2-2: Ball
3-2: Ground out 2-3 (Groundball, 15S, EV 71.2 MPH)
Batting: RHB Antonio Lara 0-0: Foul Ball, location: 2F
0-1: Foul Ball, location: 2F
0-2: Ball
1-2: Strikes out looking
Top of the 5th over - 0 runs, 1 hit, 0 errors, 2 left on base; San Diego (APP) 1 - Billings 4
BOTTOM OF THE 5TH
Billings Mustangs batting - Pitching for San Diego (APP) Padres : LHP Kentaro Shimasaki
Batting: RHB Pat Grover 0-0: Called Strike
0-1: Ground out 6-3 (Groundball, 56D, EV 79.4 MPH)
Batting: LHB Chris Redhead 0-0: Ball
1-0: Ball
2-0: Ball
3-0: Swinging Strike
3-1: Ground out 3-1 (Groundball, 34, EV 78.8 MPH)
Batting: RHB R.J. Romberg 0-0: Ball
1-0: Ball
2-0: Ball
3-0: Base on Balls
Batting: RHB Travis Petrick 0-0: Ball
1-0: Foul Ball, location: 2F
1-1: Called Strike
1-2: Ball
2-2: Strikes out swinging
Bottom of the 5th over - 0 runs, 0 hits, 0 errors, 1 left on base; San Diego (APP) 1 - Billings 4
TOP OF THE 6TH
San Diego (APP) Padres batting - Pitching for Billings Mustangs : RHP Larry McPhee
Pitching: LHP Tim Ketcham
Batting: LHB Tony Contreras 0-0: Ball
1-0: Ball
2-0: Foul Ball, location: 2F
2-1: Foul Ball, location: 2F
2-2: Strikes out swinging
Batting: RHB Max Stillo 0-0: Called Strike
0-1: Ball
1-1: Swinging Strike
1-2: Strikes out swinging
Batting: RHB Victor Contreras 0-0: Ball
1-0: Called Strike
1-1: Ball
2-1: Called Strike
2-2: Strikes out looking
Top of the 6th over - 0 runs, 0 hits, 0 errors, 0 left on base; San Diego (APP) 1 - Billings 4
BOTTOM OF THE 6TH
Billings Mustangs batting - Pitching for San Diego (APP) Padres : LHP Kentaro Shimasaki
Batting: RHB Yutaka Sato 0-0: Foul Ball, location: 2F
0-1: TRIPLE (Flyball, 89XD, EV 109.4 MPH)
Batting: RHB Kevin Larner 0-0: Foul Ball, location: 2F
0-1: Ball
1-1: Ground out U3 (Groundball, 34S, EV 84.4 MPH)
Batting: RHB Cyd Carver 0-0: Ball
1-0: Ball
2-0: Called Strike
2-1: Ball
3-1: Foul Ball, location: 2F
3-2: Base on Balls
Batting: RHB Tony Casas 0-0: Ball
1-0: Called Strike
1-1: Ball
2-1: Ball
3-1: Base on Balls
Cyd Carver to second
Batting: RHB Jay Jacobson 0-0: Swinging Strike
0-1: Foul Ball, location: 2F
0-2: Ball
1-2: SINGLE (Groundball, 4D, EV 103.1 MPH)
Yutaka Sato scores
Cyd Carver to third
Tony Casas to second
Batting: RHB Pat Grover 0-0: Called Strike
0-1: Ball
1-1: Ball
2-1: TRIPLE (Flyball, 89XD, EV 103.8 MPH)
Cyd Carver scores
Tony Casas scores
Jay Jacobson scores
Batting: LHB Chris Redhead 0-0: Fly out, F8 (Line Drive, 8LD, EV 90.0 MPH)
Runner from 3rd tags up, OUT at HOME! 8-2
Bottom of the 6th over - 4 runs, 3 hits, 0 errors, 0 left on base; San Diego (APP) 1 - Billings 8
TOP OF THE 7TH
San Diego (APP) Padres batting - Pitching for Billings Mustangs : LHP Tim Ketcham
Batting: RHB Ed Oake 0-0: Ball
1-0: Foul Ball, location: 2F
1-1: Ground out U3 (Groundball, 34, EV 100.6 MPH)
Batting: RHB Dave McBain 0-0: Ball
1-0: Foul Ball, location: 2F
1-1: SINGLE (Line Drive, 8RS, EV 94.4 MPH)
Pinch Hitting: RHB Brian Klinkner 0-0: Swinging Strike
0-1: Ball
1-1: Ball
2-1: Grounds into double play, 6-4-3 (Groundball, 6, EV 96.2 MPH)
Top of the 7th over - 0 runs, 1 hit, 0 errors, 0 left on base; San Diego (APP) 1 - Billings 8
BOTTOM OF THE 7TH
Billings Mustangs batting - Pitching for San Diego (APP) Padres : LHP Kentaro Shimasaki
Now at 1B: Devon Dill
Batting: RHB R.J. Romberg 0-0: Swinging Strike
0-1: Foul Ball, location: 2F
0-2: Strikes out swinging
Batting: RHB Travis Petrick 0-0: SINGLE (Groundball, 56D, EV 101.9 MPH)
Pitching: LHP Ismael Diaz
Batting: RHB Yutaka Sato 0-0: Fly out, F9 (Flyball, 9, EV 78.8 MPH)
Batting: RHB Kevin Larner 0-0: Called Strike
0-1: Fly out, F8 (Flyball, 8RM, EV 85.0 MPH)
Bottom of the 7th over - 0 runs, 1 hit, 0 errors, 1 left on base; San Diego (APP) 1 - Billings 8
TOP OF THE 8TH
San Diego (APP) Padres batting - Pitching for Billings Mustangs : LHP Tim Ketcham
Batting: LHB Hugo MacBeth 0-0: Ball
1-0: Ball
2-0: Called Strike
2-1: Swinging Strike
2-2: Strikes out swinging
Pinch Hitting: SHB Ryan Brown 0-0: Ball
1-0: Called Strike
1-1: Ball
2-1: Swinging Strike
2-2: Foul Ball, location: 2F
2-2: Ball
3-2: SINGLE (Line Drive, 9S, EV 106.2 MPH)
Pitching: RHP Juan Hernandez
Batting: RHB Antonio Lara 0-0: Called Strike
0-1: Ball
1-1: Swinging Strike
1-2: Strikes out swinging
Batting: LHB Tony Contreras 0-0: Foul Ball, location: 2F
0-1: SINGLE (Groundball, 6MD, EV 103.1 MPH) (infield hit)
Ryan Brown to second
Batting: RHB Max Stillo 0-0: Foul Ball, location: 2F
0-1: Called Strike
0-2: Ball
1-2: Strikes out looking
Top of the 8th over - 0 runs, 2 hits, 0 errors, 2 left on base; San Diego (APP) 1 - Billings 8
BOTTOM OF THE 8TH
Billings Mustangs batting - Pitching for San Diego (APP) Padres : LHP Ismael Diaz
Now in LF: Ryan Brown
Batting: RHB Cyd Carver 0-0: Foul Ball, location: 2F
0-1: Ball
1-1: Called Strike
1-2: Ball
2-2: Foul Ball, location: 2F
2-2: Ball
3-2: Base on Balls
Batting: RHB Tony Casas 0-0: Ball
Wild Pitch!
Cyd Carver to second
1-0: Foul Ball, location: 2F
1-1: Ball
2-1: Called Strike
2-2: Strikes out swinging
Batting: RHB Jay Jacobson 0-0: Ball
1-0: Swinging Strike
1-1: Ball
2-1: Called Strike
2-2: Ball
3-2: Foul Ball, location: 2F
3-2: Foul Ball, location: 2F
3-2: Foul Ball, location: 2F
3-2: Base on Balls
Batting: RHB Pat Grover 0-0: Called Strike
Cyd Carver steals 3rd base
0-1: SINGLE (Groundball, 4MD, EV 106.2 MPH)
Cyd Carver scores
Jay Jacobson to second
Pinch Hitting: LHB William Matthews 0-0: Ball
1-0: Called Strike
1-1: Fielders Choice at 2nd, 6-4 (Groundball, 6, EV 81.9 MPH)
Jay Jacobson to third
Batting: RHB R.J. Romberg 0-0: Ball
1-0: Ball
2-0: Fly out, F3 (Popup, 3F, EV 66.2 MPH)
Bottom of the 8th over - 1 run, 1 hit, 0 errors, 2 left on base; San Diego (APP) 1 - Billings 9
TOP OF THE 9TH
San Diego (APP) Padres batting - Pitching for Billings Mustangs : RHP Juan Hernandez
Now in LF: William Matthews
Batting: RHB Victor Contreras 0-0: Ball
1-0: Ball
2-0: Called Strike
2-1: Foul Ball, location: 2F
2-2: Ball
3-2: Strikes out looking
Batting: RHB Ed Oake 0-0: Ball
1-0: Called Strike
1-1: Swinging Strike
1-2: Foul Ball, location: 2F
1-2: Fly out, F9 (Flyball, 89M, EV 82.5 MPH)
Batting: RHB Dave McBain 0-0: SINGLE (Line Drive, 78S, EV 107.5 MPH)
Batting: RHB Devon Dill 0-0: Ball
1-0: Ball
2-0: Ball
3-0: Base on Balls
Dave McBain to second
Pinch Hitting: RHB Justin Blount 0-0: Called Strike
0-1: Called Strike
0-2: Ball
1-2: Strikes out swinging
Top of the 9th over - 0 runs, 1 hit, 0 errors, 2 left on base; San Diego (APP) 1 - Billings 9
Wednesday, June 22nd , 2022 - OOTP Baseball 23.4 Build 64